 Dungeon Crawl Stone Soup version 0.19-a0-1493-gd0fcaa6 (webtiles) character file.

6416 Amnesiac the Thaumaturge (level 11, -1/68 HPs)
             Began as a Human Conjurer on Sept 9, 2016.
             Was an Elder of Sif Muna.
             Slain by an ice beast (2 damage)
             ... summoned by an ice statue
             ... in an ice cave.
             The game lasted 00:27:05 (10561 turns).

Amnesiac the Thaumaturge (Human Conjurer)          Turns: 10561, Time: 00:27:06

Health: -1/68      AC:  9    Str: 10    XL:     11   Next: 18%
Magic:  14/26      EV: 18    Int: 18    God:    Sif Muna [****..]
Gold:   565        SH:  3    Dex: 18    Spells: 2 memorised, 27 levels left

rFire  x . .     SeeInvis .     L - +4 quarterstaff (chaos)
rCold  + + .     Gourm    .     a - +0 robe
rNeg   . . .     Faith    .     (shield currently unavailable)
rPois  .         Spirit   .     x - +0 helmet
rElec  .         Dismiss  .     K - +1 cloak
rCorr  .         Reflect  +     B - +0 pair of gloves
MR     .....     Harm     .     J - +2 pair of boots
Stlth  +++.......               u - +3 amulet of reflection
                                p - ring of protection from cold
                                v - ring of ice

@: agile, very slightly contaminated, divine energy
A: no striking features
a: Stop Divine Energy, Channel Magic, Forget Spell, Renounce Religion


You were in an ice cave.
You worshipped Sif Muna.
Sif Muna was greatly pleased with you.
You were not hungry.

You visited 3 branches of the dungeon, and saw 11 of its levels.
You also visited: Ice Cave.

You collected 565 gold pieces.

Inventory:

Hand Weapons
 k - a +2 dagger of holy wrath
 L - a +4 quarterstaff of chaos (weapon)
Armour
 a - a +0 robe (worn)
 x - a +0 helmet (worn)
 B - a +0 pair of gloves (worn)
 J - a +2 pair of boots (worn)
 K - a +1 cloak (worn)
Jewellery
 g - an uncursed ring of loudness
 p - a ring of protection from cold (right hand)
 u - a +3 amulet of reflection (around neck)
 v - a ring of ice (left hand)
Wands
 F - a wand of iceblast (9/15)
Scrolls
 d - 4 scrolls of identify
 t - 3 scrolls of teleportation
 E - a scroll of fear
 H - 4 scrolls of magic mapping
 O - 2 scrolls of enchant armour
Potions
 j - a potion of haste
 q - 2 potions of resistance
 r - 2 potions of cure mutation
 A - a potion of brilliance
 G - a potion of agility
 I - a potion of berserk rage
Books
 b - a book of Conjurations

   Spells                             Type                      Level
   a - Magic Dart                     Conjuration                  1
   b - Searing Ray                    Conjuration                  2
   c - Dazzling Spray                 Conjuration/Hexes            3
   d - Fulminant Prism                Conjuration/Hexes            4
   e - Iskenderun's Mystic Blast      Conjuration                  4
   f - Iskenderun's Battlesphere      Conjuration/Charms           5
Comestibles
 c - 7 bread rations
 f - 7 fruits
 w - 3 meat rations


   Skills:
 - Level 2.0 Dodging
 - Level 2.0 Stealth
 + Level 11.9 Spellcasting
 - Level 10.5 Conjurations


You had 27 spell levels left.
You knew the following spells:

 Your Spells              Type           Power        Failure   Level  Hunger
f - Searing Ray           Conj           #####.       1%          2    None
z - Iskenderun's Mystic   Conj           #####...     1%          4    ##.....


Dungeon Overview and Level Annotations

Branches:
Dungeon (8/15)             Temple (1/1) D:6            Lair (2/6) D:8
 Spider (0/4) Lair:2
  Swamp: Lair:2-4    Shoals: Lair:2-4

Altars:
Ashenzari
Cheibriados
Fedhas
Gozag
Hepliaklqana
Makhleb
Nemelex Xobeh
Okawaru
Qazlal
Ru
Sif Muna
Trog
Uskayaw
Vehumet
Xom
Yredelemnul
Zin
The Shining One

Shops:
D:4 =   D:5 :

Annotations:
IceCv exclusion: ice statue


Message History

The ice beast closely misses you. x2
Unknown command.
Unknown command.
Casting: Iskenderun's Mystic Blast
Confirm with . or Enter, or press ? or * to list all spells.
Aiming: Iskenderun's Mystic Blast
Press: ? - help, Shift-Dir - straight line, f/p - ice statue
Aim: an ice statue (almost destroyed)
The orb of energy hits the ice statue.
The ice statue is almost destroyed.
The ice beast hits you.
* * * LOW HITPOINT WARNING * * *
The ice beast freezes you. You resist.
* * * LOW HITPOINT WARNING * * *
The ice beast hits you.
* * * LOW HITPOINT WARNING * * *
The ice beast freezes you. You resist.
* * * LOW HITPOINT WARNING * * *
The ice beast hits you.
You die...

#######
##.....##
##...∩...##
##.........##
#....Y@.....#
#.....YY....#
#...........#
#.............#
#....8........#
#......?......#
##....%.?....##
#...8.:.8...#


You could see an ice statue and 3 ice beasts.

Vanquished Creatures
  2 ugly things (IceCv)
  An ice statue (IceCv)
  Grinder (D:4)
  3 hippogriffs
  Menkaure (D:7)
  A warg (D:8)
  A water moccasin (D:7)
  3 orc warriors
  4 porcupines (Lair:1)
  A sky beast (D:5)
  6 ice beasts (IceCv)
  8 ogres
  2 phantoms
  2 crocodiles
  2 centaurs
  A big kobold (D:7)
  3 giant frogs
  2 scorpions
  The ghost of Leszczynek the Grave Robber, a weakling OgNe (D:3)
  3 wights (D:6)
  6 crimson imps
  5 centaur zombies
  6 hounds
  A jelly (D:6)
  3 orc priests (D:8)
  Crazy Yiuf (D:7)
  4 orc wizards
  A centaur skeleton (D:4)
  3 iguanas
  6 worker ants
  A statue (D:6)
  2 hound zombies
  3 worker ant zombies
  6 adders
  4 gnolls (D:5)
  16 river rats
  3 shadow imps
  An adder zombie (D:6)
  An adder skeleton (D:8)
  6 worms
  A dart slug (D:3)
  9 giant geckos
  25 orcs
  A ball python (D:3)
  5 giant cockroaches
  6 goblins
  5 hobgoblins
  4 jackals (D:6)
  3 quokkas
  4 bats
  5 giant newts
  11 kobolds
  7 rats
213 creatures vanquished.

Vanquished Creatures (others)
  A warg (D:8)
1 creature vanquished.

Grand Total: 214 creatures vanquished

Notes
Turn   | Place    | Note
-------+----------+-------------------------------------------
     0 | D:1      | Amnesiac the Human Conjurer began the quest for the Orb.
     0 | D:1      | Reached XP level 1. HP: 13/13 MP: 3/3
   372 | D:2      | Reached XP level 2. HP: 14/19 MP: 0/5
   428 | D:2      | Learned a level 2 spell: Searing Ray
   796 | D:4      | Reached XP level 3. HP: 24/24 MP: 1/6
   929 | D:4      | Noticed Grinder
   980 | D:3      | Reached skill level 5 in Conjurations
   980 | D:3      | Reached XP level 4. HP: 27/30 MP: 3/8
  1077 | D:4      | Noticed a phantom
  1138 | D:4      | Noticed an ogre
  1183 | D:4      | Killed a phantom
  1183 | D:4      | Reached skill level 3 in Spellcasting
  1183 | D:4      | Reached XP level 5. HP: 16/35 MP: 5/10
  1253 | D:4      | Reached XP level 6. HP: 28/41 MP: 6/11
  1516 | D:4      | Killed an ogre
  1583 | D:4      | Found a basalt altar of Yredelemnul.
  1858 | D:4      | Found Coethos's Jewellery Shop.
  1913 | D:4      | Noticed an ogre
  1925 | D:4      | Killed an ogre
  1925 | D:4      | Reached skill level 4 in Spellcasting
  1925 | D:4      | Reached XP level 7. HP: 46/46 MP: 7/13
  2188 | D:5      | Entered Level 5 of the Dungeon
  2333 | D:5      | Found Heboimes's Book Boutique.
  2376 | D:5      | Found an opulent altar of Gozag.
  3020 | D:4      | Learned a level 4 spell: Iskenderun's Mystic Blast
  3215 | D:5      | Reached XP level 8. HP: 52/52 MP: 1/14
  3773 | D:6      | Reached skill level 5 in Spellcasting
  4095 | D:6      | Found a staircase to the Ecumenical Temple.
  4210 | Temple   | Entered the Ecumenical Temple
  4215 | Temple   | Became a worshipper of Sif Muna the Loreminder
  4454 | D:6      | Reached XP level 9. HP: 51/57 MP: 9/17
  4484 | D:6      | Found a radiant altar of Vehumet.
  5891 | D:3      | Found a faded altar of an unknown god.
  6070 | D:3      | Noticed Leszczynek's ghost (weakling OgNe)
  6083 | D:3      | Killed Leszczynek's ghost
  6083 | D:3      | Reached skill level 10 in Conjurations
  6135 | D:3      | Reached * piety under Sif Muna
  6281 | D:4      | Killed Grinder
  6281 | D:4      | Reached skill level 6 in Spellcasting
  6916 | D:7      | Reached ** piety under Sif Muna
  6916 | D:7      | Reached skill level 7 in Spellcasting
  7254 | D:7      | Noticed Menkaure
  7256 | D:7      | Killed Menkaure
  7418 | D:7      | Found a runed door.
  7422 | D:7      | Noticed Crazy Yiuf
  7432 | D:7      | Killed Crazy Yiuf
  7432 | D:7      | Reached skill level 8 in Spellcasting
  7499 | D:8      | Reached XP level 10. HP: 56/63 MP: 6/22
  8233 | D:8      | Reached skill level 9 in Spellcasting
  8268 | D:8      | Reached *** piety under Sif Muna
  8632 | D:8      | Found a staircase to the Lair.
  8793 | Lair:1   | Entered Level 1 of the Lair of Beasts
  8982 | Lair:1   | Reached skill level 10 in Spellcasting
 10054 | Lair:2   | Found a hole to the Spider Nest.
 10130 | Lair:2   | Found a frozen archway.
 10132 | Lair:2   | Noticed an eight-headed hydra
 10172 | IceCv    | Entered an ice cave
 10172 | IceCv    | Noticed a white ugly thing
 10178 | IceCv    | Killed a white ugly thing
 10178 | IceCv    | Reached **** piety under Sif Muna
 10178 | IceCv    | Reached skill level 11 in Spellcasting
 10178 | IceCv    | Reached XP level 11. HP: 34/68 MP: 3/26
 10507 | IceCv    | Noticed a white ugly thing
 10513 | IceCv    | Killed a brown ugly thing
 10561 | IceCv    | HP: 1/68 [ice beast[an ice statue] (3)]
 10561 | IceCv    | Slain by an ice beast

Vault maps used:
D:1:      lemuel_arrival_tunnels, serial_glass, glass_columns_b, glass_columns_a
D:2:      mrwooster_statue_mirror
D:3:      ecumenical_altar_2, first_bread, saegor_snake_ambush
D:4:      old_standard_altar, serial_shops, shop, uniq_grinder
D:5:      nicolae_gozag_seed_capital, serial_shops, nicolae_shop_trees
D:6:      vehumet_statue, gup_sewer_entry_spiral
D:7:      uniq_menkaure, uniq_crazy_yiuf_cottage
D:8:      erik_lair_orcish_takeover
Temple:   minmay_freezing_vapour_temple
Lair:2:   hangedman_what_comes_after_a, spider_nest_entry_web_field,
          portal_ice_cave_entry_pillars_1
IceCv:    ice_cave_statue_garden_teleport

Skill      XL: |  1  2  3  4  5  6  7  8  9 10 |
---------------+-------------------------------+-----
Conjurations   | 5 6 8 9 10 | 10.5
Spellcasting   | 3 4 5 8 11 | 11.9
Dodging        | |  2.0
Stealth        | |  2.0

Action                   |  1- 3 |  4- 6 |  7- 9 | 10-12 || total
-------------------------+-------+-------+-------+-------++-------
Melee: Club              |     1 |       |       |       ||     1
       Dagger            |     1 |    12 |   142 |       ||   155
       Quarterstaff      |       |       |       |    49 ||    49
 Cast: Magic Dart        |    16 |       |    71 |    32 ||   119
       Searing Ray       |     5 |     8 |    51 |     1 ||    65
       Iskenderun's Myst |       |       |    58 |   112 ||   170
Invok: Divine Energy     |       |       |     1 |       ||     1
       Channel Magic     |       |       |       |     1 ||     1
  Use: Potion            |       |       |     1 |    10 ||    11
       Scroll            |       |       |       |    25 ||    25
 Stab: Sleeping          |       |       |     2 |       ||     2
       Invisible         |       |       |       |     1 ||     1
  Eat: Chunk             |       |     4 |    21 |    12 ||    37
       Fruit             |       |       |     2 |       ||     2
       Pizza             |       |       |     1 |     1 ||     2
       Meat ration       |       |       |       |     1 ||     1
       Beef jerky        |       |       |       |     1 ||     1
Armor: Robe              |     3 |       |    51 |    40 ||    94
       Skin              |       |       |       |    28 ||    28
Dodge: Dodged            |     9 |     9 |   109 |    60 ||   187
Block: Other             |       |       |       |     5 ||     5
